 Dungeon Crawl Stone Soup version 0.30-b1-2-g02819fbbbe (webtiles) character file.

Game seed: 17575907150954445041

16 Alarkh the Shooter (level 2, 22/22 HPs)
             Began as a Demonspawn Hunter on May 25, 2023.
             Got out of the dungeon alive.
             The game lasted 00:00:21 (243 turns).

Alarkh the Shooter (Demonspawn Hunter)               Turns: 243, Time: 00:00:21

Health: 22/22      AC:  3    Str: 11    XL:     2   Next: 41%
Magic:  2/2        EV: 11    Int: 10    God:
Gold:   12         SH:  0    Dex: 16    Spells: 1/1 levels left

rFire   . . .        a - +0 shortbow
rCold   . . .        (shield currently unavailable)
rNeg    . . .        c - +0 leather armour
rPois   .            (no helmet)
rElec   .            (no cloak)
rCorr   .            (no gloves)
SInv    .            (no boots)
Will    .....        (no amulet)
Stlth   +            (no ring)
HPRegen 0.23/turn    (no ring)
MPRegen 0.08/turn

%: no passive effects
@: no status effects
A: spiny 1
a: no special abilities


You escaped.
You visited 1 branch of the dungeon, and saw 1 of its levels.

You collected 12 gold pieces.

Inventory:

Hand Weapons
 a - a +0 shortbow (weapon)
Armour
 c - a +0 leather armour (worn)
Scrolls
 b - a scroll of immolation
Potions
 d - 2 potions of curing {unknown}


   Skills:
 - Level 2.0 Fighting
 + Level 4.2 Ranged Weapons
 - Level 1.7 Dodging
 - Level 0.8 Stealth


You had one spell level left.
You didn't know any spells.
Your spell library contained the following spells:

 Spells                   Type           Power      Damage    Failure   Level
 Simulacrum               Ice/Necr       0%         N/A       100%        6
 Ozocubu's Refrigeration  Ice            0%         4d7       100%        7
 Polar Vortex             Ice            0%         N/A       100%        9


Dungeon Overview and Level Annotations

Branches:
Dungeon (1/15)

Altars:


Innate Abilities, Weirdness & Mutations

You are partially covered in sharp spines.


Message History

You kill the jackal!
The jackal barely misses you.
You shoot an arrow. The arrow closely misses the jackal.
The arrow hits the kobold!
You kill the kobold!
The jackal closely misses you. The jackal is struck by your spines.
The jackal closely misses you.
You shoot an arrow. The arrow hits the jackal!
You kill the jackal!
The jackal is struck by your spines. The jackal barely misses you.
You shoot an arrow. The arrow closely misses the jackal.
The arrow closely misses the rat.
The jackal bites you but does no damage.
The jackal barely misses you.
You shoot an arrow. The arrow barely misses the jackal.
The arrow hits the rat.
The rat is heavily wounded.
The jackal is struck by your spines. The jackal misses you.
The jackal bites you.
You shoot an arrow. The arrow closely misses the jackal.
The arrow barely misses the rat.
The jackal is struck by your spines.
You kill the jackal!
You shoot an arrow. The arrow hits the rat.
You kill the rat!
Things that are here:
a jackal corpse; a jackal corpse A dart slug comes into view.
A dart slug is nearby!
A dart slug is nearby!
You are too injured to fight recklessly!
You are too injured to fight recklessly!
Things that are here:
a +0 short sword; 2 stones The dart slug is struck by your spines.
The dart slug barely misses you. The dart slug is struck by your spines.
The dart slug closely misses you.
You shoot an arrow. The arrow hits the dart slug!
You kill the dart slug!
HP restored.
There is a staircase leading out of the dungeon here.
Are you sure you want to leave the Dungeon?
This will make you lose the game!
You have escaped!

. ##.......##.......(#
..#.........#######.##
#....♣....##......#
#.......(....#...##
##.......#########
###...######...###
####.### ##.......##
###...### #.........#
#.......####....@....#
.........##..........#
....♣......##.......##
.........######...###
#.......## #####
###...### #####


There were no monsters in sight!

Vanquished Creatures
  A dart slug (D:1)
  2 ball pythons (D:1)
  An endoplasm (D:1)
  A goblin (D:1)
  4 jackals (D:1)
  A frilled lizard (D:1)
  3 kobolds (D:1)
  A rat (D:1)
14 creatures vanquished.

Notes
Turn   | Place    | Note
-------+----------+-------------------------------------------
     0 | D:1      | Alarkh the Demonspawn Hunter began the quest for the Orb.
     0 | D:1      | Reached XP level 1. HP: 16/16 MP: 1/1
   144 | D:1      | Reached skill level 4 in Ranged Weapons
   158 | D:1      | Gained mutation: You are partially covered in sharp spines.
                  | [demonic ancestry]
   158 | D:1      | Reached XP level 2. HP: 7/22 MP: 2/2
   243 | D:$      | Got out of the dungeon alive.

Illustrated notes

Levels and vault maps discovered:
D:1:      dpeg_arrival_three_same_balls, layout_basic, nicolae_wormholes

Skill      XL: |  1 |
---------------+----+-----
Ranged Weapons | 4 |  4.2
Fighting       | |  2.0
Dodging        | |  1.7
Stealth        | |  0.8

Action                     || total
---------------------------++-------
   Fire: Shortbow          ||    31
 Armour: Leather armour    ||     6
  Dodge: Dodged            ||    27
